 Dungeon Sprint DCSS version 0.22-a0-192-g6ffc940 (webtiles) character file.

110 Lapis the Covert (level 4, -4/32 HPs)
             Began as an Octopode Assassin on Feb 16, 2018.
             Slain by a crocodile (13 damage)
             ... in the Dungeon (Sprint II: "The Violet Keep of Menkaure").
             The game lasted 00:00:30 (27 turns).

Lapis the Covert (Octopode Assassin)                  Turns: 27, Time: 00:00:31

Health: -4/32      AC:  1    Str: 10    XL:     4   Next: 91%
Magic:  4/4        EV: 14    Int: 13    God:
Gold:   243        SH:  0    Dex: 14    Spells: 3/3 levels left

rFire    . . .     SeeInvis .   a - +2 dagger
rCold    . . .     Gourm    .   (no shield)
rNeg     . . .     Faith    .   (helmet restricted)
rPois    .         Spirit   .   (no amulet)
rElec    .         Reflect  .   (no ring)
rCorr    .         Harm     .   (no ring)
MR       .....     NoTele   +   (no ring)
Stlth    ++++++....             (no ring)
HPRegen  0.10/turn              (no ring)
MPRegen  0.09/turn              (no ring)
                                (no ring)
                                (no ring)

@: no status effects
A: almost no armour, stealthy swim, amphibious, 8 rings, constrict 8, camouflage
1, gelatinous body 1
a: no special abilities


You were in the Dungeon.
You were not hungry.

You visited 1 branch You collected 243 gold pieces.

Inventory:

Hand Weapons
 a - a +2 dagger (weapon)
 b - a +0 blowgun
Missiles
 c - 8 poisoned needles
 d - 2 curare-tipped needles
Scrolls
 k - a scroll of blinking
Potions
 e - a potion of curing
 g - a potion of heal wounds
 h - a potion of haste
 i - 2 potions of magic
 j - a potion of berserk rage
Comestibles
 f - a ration


   Skills:
 * Level 3.6 Fighting
 * Level 3.6 Short Blades
 - Level 2.0 Throwing
 * Level 3.0 Dodging
 * Level 11.6 Stealth


You had 3 spell levels left.
You didn't know any spells.

Dungeon Overview and Level Annotations

Branches:
Dungeon (1/1)

Altars:
Gozag
Okawaru


Innate Abilities, Weirdness & Mutations

You cannot wear most types of armour.
You are very stealthy in the water. (Stealth+)
You are amphibious.
You can wear up to eight rings at the same time.
You can use your tentacles to constrict eight enemies at once.
Your skin changes colour to match your surroundings (Stealth+).
Your rubbery body absorbs attacks. (AC +1, EV +1)


Message History

You hit the crocodile but do no damage.
The crocodile is severely wounded.
The crocodile barely misses you.
You hit the crocodile.
The crocodile is severely wounded.
You completely miss the crocodile.
The crocodile is severely wounded.
The crocodile bites you!
You completely miss the crocodile.
The crocodile is severely wounded.
The crocodile closely misses you.
You barely miss the crocodile.
The crocodile is severely wounded.
The crocodile bites you.
* * * LOW HITPOINT WARNING * * *
Unknown command.
You hit the crocodile.
The crocodile is severely wounded.
The crocodile bites you!
You die...

#### ...# ###..##
#+###†##..#
##.##..##..#
+.<.'##.'..###
##.##.†##.@t.###.
#+###.##......≈≈≈
###≈≈§....≈#+
≈≈≈§≈≈≈..≈#_
#≈≈≈≈≈≈§§.≈#.
#≈≈≈≈≈≈≈≈≈≈≈#_
≈≈≈≈≈≈≈§§§§§≈#.
#+++#≈§§≈§§≈≈≈#.
##≈≈≈###≈≈#


You could see a crocodile.

Vanquished Creatures
  Menkaure (D)
  4 worker ants (D)
5 creatures vanquished.

Notes
Turn   | Place    | Note
-------+----------+-------------------------------------------
     0 | D        | Lapis the Octopode Assassin began the quest for the Orb.
     0 | D        | Reached XP level 1. HP: 14/14 MP: 1/1
     1 | D        | Noticed a worker ant
     1 | D        | Noticed a worker ant
     1 | D        | Noticed a worker ant
     1 | D        | Noticed a worker ant
     4 | D        | Killed a worker ant
     4 | D        | Reached skill level 8 in Stealth
     4 | D        | Reached XP level 2. HP: 20/20 MP: 2/2
     4 | D        | Reached XP level 3. HP: 25/25 MP: 3/3
     5 | D        | Reached skill level 9 in Stealth
     8 | D        | Reached skill level 10 in Stealth
     8 | D        | Reached XP level 4. HP: 31/31 MP: 4/4
    10 | D        | Reached skill level 11 in Stealth
    14 | D        | Noticed a crocodile
    14 | D        | Noticed Menkaure
    17 | D        | Killed Menkaure
    18 | D        | Found an iron altar of Okawaru.
    18 | D        | Found an opulent altar of Gozag.
    27 | D        | Slain by a crocodile

Vault maps used:
D:        the_violet_keep_of_menkaure

Skill      XL: |  1  2  3  4 |
---------------+-------------+-----
Dodging        | 2 3 |  3.0
Stealth        | 8 10 11 | 11.6
Fighting       | 3 |  3.6
Short Blades   | 3 |  3.6
Throwing       | |  2.0

Action                   |  1- 3 |  4- 6 || total
-------------------------+-------+-------++-------
Melee: Dagger            |     3 |    11 ||    14
       Tentacles         |       |     2 ||     2
 Stab: Sleeping          |     3 |     1 ||     4
Dodge: Dodged            |       |     4 ||     4

Table legend:
 A = Spawn XP
 B = Non-spawn XP
 C = Spawn XP percentage of total XP
 D = Spawn monster count
 E = Non-spawn monster count
 F = Spawn count percentage of total count
 G = Total turns spent on level
                    A         B        C        D         E        F      G
               +---------+---------+-------+---------+---------+-------+---------
         Total |       0 |     158 |   0.0 |       0 |       5 |   0.0 |    27
               +---------+---------+-------+---------+---------+-------+---------
             D |       0 |     158 |   0.0 |       0 |       5 |   0.0 |    27
               +---------+---------+-------+---------+---------+-------+---------
